 Dungeon Crawl Stone Soup version 0.22-a0-445-g8c8ef71 (webtiles) character file.

57868 nikopol the Eclecticist (level 14, -5/71 HPs)
             Began as a Deep Elf Fire Elementalist on June 2, 2018.
             Was a High Priest of Vehumet.
             Killed by nerve-wracking pain
             ... invoked by an orc priest
             ... led by an orc high priest
              (13 damage)
             ... on level 2 of the Orcish Mines.
             The game lasted 01:52:05 (25429 turns).

nikopol the Eclecticist (DEFE)                     Turns: 25429, Time: 01:52:06

Health: -5/71      AC:  6    Str:  5    XL:     14   Next: 47%
Magic:  13/47      EV: 15    Int: 29    God:    Vehumet [*****.]
Gold:   1890       SH:  0    Dex: 15    Spells: 23/49 levels left

rFire    . . .     SeeInvis +   L - +1 dagger (venom)
rCold    . . .     Gourm    .   (no shield)
rNeg     . . .     Faith    .   a - +1 robe
rPois    .         Spirit   .   P - +2 hat {SInv}
rElec    .         Reflect  .   v - scarf {cloud immunity}
rCorr    .         Harm     .   F - +0 pair of gloves
MR       +....                  (no boots)
Stlth    +++.......             p - amulet of magic regeneration
HPRegen  0.21/turn              o - +3 ring of intelligence
MPRegen  0.55/turn              t - ring of magical power

@: no status effects
A: no striking features
a: Renounce Religion


You were on level 2 of the Orcish Mines.
You worshipped Vehumet.
Vehumet was extremely pleased with you.
You were not hungry.

You visited 4 branches of the dungeon, and saw 21 of its levels.

You collected 1890 gold pieces.

Inventory:

Hand Weapons
 L - a +1 dagger of venom (weapon)
Armour
 a - a +1 robe (worn)
 v - a scarf of cloud immunity (worn)
 F - a +0 pair of gloves (worn)
 P - a +2 hat of see invisible (worn)
Jewellery
 o - a +3 ring of intelligence (left hand)
 p - an amulet of magic regeneration (around neck)
 t - a ring of magical power (right hand)
 y - a +5 ring of protection
 A - an uncursed ring of positive energy
 M - an uncursed amulet of guardian spirit {unknown}
 T - an uncursed ring of flight {unknown}
Wands
 n - a wand of disintegration (20)
 q - a wand of polymorph (48)
 C - a wand of random effects (25)
 G - a wand of paralysis (39)
 H - a wand of iceblast (5)
 I - a wand of enslavement (9)
 Q - a wand of acid (7)
Scrolls
 b - 7 scrolls of identify
 f - 4 scrolls of immolation
 j - 3 scrolls of remove curse
 k - 15 scrolls of teleportation
 r - 2 scrolls of magic mapping {unknown}
 u - 2 scrolls of enchant weapon {unknown}
 w - 2 scrolls of fog {unknown}
 D - a scroll of blinking {unknown}
 E - 2 scrolls of enchant armour
 J - a scroll of amnesia
 O - 2 scrolls of fear {unknown}
Potions
 d - a potion of heal wounds
 e - 3 potions of mutation
 g - 3 potions of flight
 h - a potion of magic {unknown}
 i - 2 potions of brilliance
 l - 5 potions of curing
 m - 4 potions of agility
 s - 2 potions of ambrosia {unknown}
 x - a potion of cancellation {unknown}
 z - a potion of lignification {unknown}
 B - 3 potions of invisibility {unknown}
 K - 4 potions of haste
 N - 3 potions of might {unknown}
 R - a potion of berserk rage
 S - a potion of resistance {unknown}
Comestibles
 c - 33 rations
 U - 4 chunks of flesh


   Skills:
 + Level 1.7 Fighting
 + Level 5.7 Dodging
 + Level 6.0 Stealth
 + Level 18.2 Spellcasting
 + Level 14.6 Conjurations
 + Level 15.4 Fire Magic
 + Level 0.4 Earth Magic
 + Level 1.4 Evocations


You had 23 spell levels left.
You knew the following spells:

 Your Spells              Type           Power        Failure   Level  Hunger
a - Flame Tongue          Conj/Fire      #####        0%          1    None
b - Throw Flame           Conj/Fire      ######       0%          2    None
c - Conjure Flame         Conj/Fire      #######.     0%          3    None
d - Sticky Flame          Conj/Fire      #######.     1%          4    None
e - Fireball              Conj/Fire      #######...   1%          5    None
f - Bolt of Cold          Conj/Ice       ######....   3%          6    ##.....
g - Bolt of Magma         Conj/Fire/Erth ######....   1%          5    None

Your spell library contained the following spells:

 Spells                   Type           Power        Failure   Level  Hunger
 Magic Dart               Conj           ####         0%          1    None
 Apportation              Tloc           ####..       1%          1    None
 Freezing Cloud           Conj/Ice/Air   ######....   9%          6    ##.....
 Summon Small Mammal      Summ           ####         1%          1    None
 Iskenderun's Mystic Bla  Conj           #######.     1%          4    None
 Animate Skeleton         Necr           N/A          1%          1    None
 Ozocubu's Refrigeration  Ice            ####......   50%         6    ##.....
 Ice Form                 Ice/Tmut       ####....     16%         4    None
 Confusing Touch          Hex            ####..       1%          1    None
 Metabolic Englaciation   Hex/Ice        ####......   41%         5    None
 Simulacrum               Ice/Necr       ####......   94%         6    ##.....
 Inner Flame              Hex/Fire       ######..     1%          3    None
 Fulminant Prism          Conj/Hex       ######....   1%          4    None
 Dazzling Spray           Conj/Hex       ######       1%          3    None
 Force Lance              Conj/Tloc      ######..     1%          4    None
 Searing Ray              Conj           ######       0%          2    None


Dungeon Overview and Level Annotations

Branches:
Dungeon (12/15)            Temple (1/1) D:7            Lair (6/6) D:11
  Swamp (0/4) Lair:4        Snake (0/4) Lair:3        Slime (0/5) Lair:5
    Orc (2/2) D:12
    Elf: Orc:2

Altars:
Ashenzari
Cheibriados
Dithmenos
Elyvilon
Fedhas
Gozag
Hepliaklqana
Kikubaaqudgha
Makhleb
Nemelex Xobeh
Okawaru
Qazlal
Ru
Sif Muna
Trog
Uskayaw
Vehumet
Wu Jian
Xom
Yredelemnul
Zin
The Shining One

Annotations:
Orc:2 tstbtto's ghost, adept TeBe


Message History

The silver tomahawk closely misses you. Tstbtto's ghost closely misses you.
The orc sorcerer becomes larger for a moment.
Casting: Fireball (safe; 1% risk of failure)
Confirm with . or Enter, or press ? or * to list all spells.
Aiming: Fireball (safe; 1% risk of failure)
Press: ? - help, Shift-Dir - straight line The fireball explodes!
The fireball engulfs the warg.
You kill the warg!
Vehumet accepts your kill.
The fireball engulfs the orc sorcerer.
You kill the orc sorcerer!
Vehumet accepts your kill.
The orc warrior throws a silver tomahawk.
The silver tomahawk barely misses you. Tstbtto's ghost hits you!!!
Ouch! That really hurt!
You are electrocuted!
* * * LOW HITPOINT WARNING * * *
The orc priest calls down the wrath of Beogh upon you.
Pain shoots through your body!
You die...

...............
...........#$$#
...............
.........$...
.#..........
.....(....# .
..........#....
...)...@...#
...#..W........
...............
.......#..).$..
....... #....).
....... .o.o).
.#..... ....O)
#..... #...#.


You could see an orc warrior, an ogre, an orc priest and tstbtto's ghost.

Vanquished Creatures
  Gastronok (Lair:3)
  The ghost of derrymb the Protected, a journeyman DDFi of Makhleb (D:11)
  Harold (Lair:3)
  The ghost of Thaneod the Cleaver, a journeyman DsBe of Trog (D:11)
  8 hydras
  2 two-headed ogres
  The ghost of Blackrapter the Spear-Bearer, a journeyman GrFi of Okawaru (D:10)
  Urug (Lair:4)
  6 death yaks (Lair:5)
  An orc high priest (Orc:2)
  Sonja (Lair:4)
  An unseen horror (D:11)
  3 ugly things
  A cyclops (D:11)
  A manticore (D:12)
  A deep elf mage (D:12)
  4 oklob plants (Lair:3)
  An orc sorcerer (Orc:2)
  6 black mambas
  6 elephants (Lair:6)
  3 centaur zombies
  A torpor snail (Lair:5)
  5 spiny frogs
  A rime drake (Lair:4)
  A kobold demonologist (D:12)
  9 komodo dragons
  6 polar bears
  3 hornets (Lair:6)
  2 tyrant leeches (Lair:4)
  3 trolls
  15 dream sheep
  3 blink frogs (Lair:5)
  9 hippogriffs
  Sigmund (D:5)
  12 spriggans (Lair:6)
  31 yaks
  2 shadows
  A wyvern (D:12)
  A wraith (D:11)
  2 basilisks
  Eustachio (D:5)
  A steam dragon (D:8)
  3 wargs
  4 nagas
  An acid dragon (D:12)
  7 water moccasins
  9 porcupines
  The ghost of Nib the Ruffian, an amateur TrCK of Xom (D:3)
  5 orc warriors
  An eye of draining (D:11)
  3 ice beasts
  3 black bears
  21 wolves
  5 ogres
  5 boggarts (Lair:6)
  6 centaurs
  10 crocodiles
  6 big kobolds
  14 bullfrogs
  6 killer bees (D:12)
  A scorpion (D:8)
  5 wights (D:10)
  A howler monkey (D:7)
  2 electric eels (Lair:6)
  3 crimson imps
  2 bullfrog zombies
  6 hounds
  11 orc wizards
  A gnoll shaman (D:5)
  2 jellies
  6 orc priests
  3 bullfrog skeletons
  4 centaur skeletons
  Natasha (thrice) (D:4)
  An iguana (D:11)
  A worker ant (D:4)
  A killer bee zombie (D:5)
  A hound skeleton (D:11)
  2 worker ant zombies
  13 gnolls
  A howler monkey skeleton (D:7)
  13 adders
  2 shadow imps
  4 oozes
  2 adder skeletons
  2 worms
  2 dart slugs (D:2)
  5 leopard geckos
  67 orcs
  8 giant cockroaches
  10 goblins
  9 hobgoblins
  20 jackals
  11 kobolds
  2 quokkas
  A ball python (D:1)
  6 bats
  6 frilled lizards
  A leopard gecko skeleton (D:5)
  8 rats
  11 fungi
  8 plants
539 creatures vanquished.

Vanquished Creatures (others)
  A bush (Lair:5)
  34 fungi
  31 plants
66 creatures vanquished.

Grand Total: 605 creatures vanquished

Notes
Turn   | Place    | Note
-------+----------+-------------------------------------------
     0 | D:1      | nikopol the Deep Elf Fire Elementalist began the quest for the Orb.
     0 | D:1      | Reached XP level 1. HP: 10/10 MP: 6/6
   188 | D:1      | Reached XP level 2. HP: 14/15 MP: 0/8
   660 | D:1      | Reached XP level 3. HP: 19/19 MP: 8/10
   664 | D:1      | Learned a level 2 spell: Throw Flame
   668 | D:1      | Learned a level 3 spell: Conjure Flame
  1368 | D:2      | Reached skill level 4 in Spellcasting
  1368 | D:2      | Reached XP level 4. HP: 9/24 MP: 6/12
  1381 | D:2      | Learned a level 4 spell: Sticky Flame
  1806 | D:2      | Found a burning altar of Makhleb.
  1806 | D:2      | Noticed a cacodemon
  2080 | D:2      | Reached XP level 5. HP: 14/28 MP: 2/13
  2260 | D:2      | Reached skill level 5 in Fire Magic
  2378 | D:2      | Found a basalt altar of Yredelemnul.
  2576 | D:2      | Found a glowing golden altar of the Shining One.
  2581 | D:2      | Noticed an angel
  2686 | D:3      | Found a stormy altar of Qazlal.
  2815 | D:3      | Noticed Nib's ghost (amateur TrCK)
  3283 | D:3      | Reached XP level 6. HP: 32/32 MP: 13/15
  3296 | D:3      | Found a sacrificial altar of Ru.
  3335 | D:3      | Killed Nib's ghost
  3335 | D:3      | Reached skill level 5 in Spellcasting
  3644 | D:3      | Learned a level 5 spell: Fireball
  4200 | D:4      | Found an ancient bone altar of Kikubaaqudgha.
  4360 | D:4      | Reached skill level 6 in Spellcasting
  4360 | D:4      | Reached XP level 7. HP: 37/37 MP: 9/18
  4816 | D:4      | Found a white marble altar of Elyvilon.
  4828 | D:4      | Noticed Natasha
  4834 | D:4      | Killed Natasha
  5016 | D:4      | Noticed Natasha
  5019 | D:4      | Killed Natasha
  5314 | D:5      | Entered Level 5 of the Dungeon
  5528 | D:5      | Noticed Eustachio
  5538 | D:5      | Killed Eustachio
  5538 | D:5      | Reached skill level 7 in Spellcasting
  5538 | D:5      | Reached skill level 5 in Conjurations
  5700 | D:4      | Noticed Natasha
  5704 | D:4      | Killed Natasha
  6059 | D:5      | Found a shadowy altar of Dithmenos.
  6082 | D:5      | Found a shimmering altar of Xom.
  6154 | D:5      | Noticed Sigmund
  6161 | D:5      | Killed Sigmund
  6161 | D:5      | Reached XP level 8. HP: 38/42 MP: 11/21
  6437 | D:5      | Reached skill level 8 in Spellcasting
  6509 | D:5      | Found a bloodstained altar of Trog.
  6845 | D:6      | Found a hide-covered altar of Uskayaw.
  7636 | D:6      | Found a glowing golden altar of the Shining One.
  8065 | D:7      | Found a staircase to the Ecumenical Temple.
  8083 | Temple   | Entered the Ecumenical Temple
  9134 | D:8      | Reached skill level 5 in Stealth
  9152 | D:8      | Reached skill level 9 in Spellcasting
  9189 | D:8      | Reached XP level 9. HP: 42/46 MP: 14/24
  9657 | D:8      | Found a shadowy altar of Dithmenos.
 10400 | D:9      | Reached skill level 10 in Spellcasting
 10449 | D:9      | Reached skill level 1 in Fighting
 10613 | D:9      | Noticed a two-headed ogre
 10625 | D:9      | Killed a two-headed ogre
 10625 | D:9      | Reached skill level 11 in Spellcasting
 10625 | D:9      | Reached XP level 10. HP: 52/52 MP: 20/27
 10991 | D:9      | Found a radiant altar of Vehumet.
 10991 | D:9      | Found an opulent altar of Gozag.
 10995 | D:9      | Became a worshipper of Vehumet
 11163 | D:10     | Entered Level 10 of the Dungeon
 11177 | D:10     | Noticed a two-headed ogre
 11189 | D:10     | Killed a two-headed ogre
 11360 | D:10     | Reached skill level 12 in Spellcasting
 11464 | D:10     | Noticed Blackrapter's ghost (journeyman GrFi)
 11996 | D:10     | Killed Blackrapter's ghost
 11996 | D:10     | Reached skill level 10 in Fire Magic
 12369 | D:10     | Noticed a three-headed hydra
 12370 | D:10     | Reached * piety under Vehumet
 12370 | D:10     | Offered knowledge of Freeze by Vehumet.
 12371 | D:10     | Reached XP level 11. HP: 56/56 MP: 19/29
 12376 | D:10     | Reached skill level 10 in Conjurations
 12377 | D:10     | Killed a three-headed hydra
 12377 | D:10     | Reached skill level 13 in Spellcasting
 12940 | D:11     | Noticed an unseen horror
 12940 | D:11     | Killed an unseen horror
 12941 | D:11     | Noticed a brown ugly thing
 12950 | D:10     | Killed a brown ugly thing
 13102 | D:11     | Noticed derrymb's ghost (journeyman DDFi)
 13303 | D:11     | Found a glowing silver altar of Zin.
 13509 | D:11     | Noticed a purple ugly thing
 13678 | D:11     | Noticed Thaneod's ghost (journeyman DsBe)
 13942 | D:11     | Killed a purple ugly thing
 13942 | D:11     | Reached skill level 14 in Spellcasting
 14133 | D:11     | Reached ** piety under Vehumet
 14172 | D:10     | Offered knowledge of Magic Dart by Vehumet.
 14777 | D:11     | Killed Thaneod's ghost
 14777 | D:11     | Reached skill level 1 in Evocations
 14796 | D:11     | Killed derrymb's ghost
 15094 | D:11     | Found a staircase to the Lair.
 15276 | D:12     | Noticed a deep elf mage
 15278 | D:12     | Reached XP level 12. HP: 61/61 MP: 27/32
 15286 | D:11     | Reached skill level 5 in Dodging
 15525 | Lair:1   | Entered Level 1 of the Lair of Beasts
 16395 | Lair:2   | Offered knowledge of Stone Arrow by Vehumet.
 16936 | Lair:2   | You fall through a shaft!
 16942 | Lair:3   | Reached skill level 15 in Spellcasting
 17010 | Lair:3   | Noticed Harold
 17017 | Lair:3   | Killed Harold
 17027 | Lair:3   | HP: 2/61 [black mamba (17)]
 17724 | Lair:3   | Reached *** piety under Vehumet
 17746 | Lair:3   | Found a staircase to the Snake Pit.
 17793 | Lair:3   | Noticed Gastronok
 17830 | Lair:3   | Learned a level 6 spell: Bolt of Cold
 17880 | Lair:3   | Killed Gastronok
 19150 | Lair:4   | Noticed Sonja
 19193 | Lair:4   | Offered knowledge of Dazzling Spray by Vehumet.
 19197 | Lair:4   | Noticed Urug
 19250 | Lair:4   | Killed Urug
 19250 | Lair:4   | Reached XP level 13. HP: 43/65 MP: 27/34
 19400 | Lair:4   | Reached skill level 16 in Spellcasting
 19496 | Lair:4   | Found the cursed +14 obsidian axe {chop, +Fly SInv *Curse}
 20171 | Lair:4   | Found a staircase to the Swamp.
 20330 | Lair:4   | Killed Sonja
 20702 | Lair:5   | Reached **** piety under Vehumet
 20940 | Lair:5   | Found a runed door.
 21109 | Lair:5   | Offered knowledge of Mephitic Cloud by Vehumet.
 21529 | Lair:5   | Found a staircase to the Slime Pits.
 21694 | Lair:5   | Reached skill level 17 in Spellcasting
 21956 | Lair:6   | Entered Level 6 of the Lair of Beasts
 22105 | Lair:6   | Reached ***** piety under Vehumet
 22201 | Lair:6   | Offered knowledge of Force Lance by Vehumet.
 22530 | Lair:6   | Reached XP level 14. HP: 70/70 MP: 36/37
 23055 | Lair:6   | Reached skill level 15 in Fire Magic
 24287 | D:12     | Reached skill level 18 in Spellcasting
 24472 | D:12     | Offered knowledge of Bolt of Magma by Vehumet.
 24502 | D:12     | Learned a level 5 spell: Bolt of Magma
 24856 | D:12     | Found a staircase to the Orcish Mines.
 25152 | Orc:1    | Entered Level 1 of the Orcish Mines
 25420 | Orc:2    | Entered Level 2 of the Orcish Mines
 25421 | Orc:2    | Noticed tstbtto's ghost (adept TeBe)
 25429 | Orc:2    | Killed from afar by an orc priest

Vault maps used:
D:1:      matt_arrival_refuge
D:2:      grunt_temple_overflow_holy_war, makhleb_altar_promises_db,
          first_ration
D:3:      grunt_qazlal_clouds, nicolae_overflow_hidden_temple,
          serial_co_window_serial, co_window_paths_a, co_window_paths_b,
          co_window_of_opportunity_a, co_window_paths_b, co_window_corner_a,
          co_window_corner_ca, co_window_unsneaky_path_a,
          co_window_of_opportunity_b, co_window_broadway_c, co_window_corner_b,
          co_window_2corner, co_window_corner_ca, glass_columns_b,
          glass_columns_c, glass_columns_a, kennysheep_generic_room_15
D:4:      kiku_gazebo_pond_becter, lemuel_crystal_altar, minmay_misc_feat_tiny,
          uniq_natasha
D:5:      lemuel_ice_spiral_2, nicolae_overflow_crystal_walls,
          lemuel_coloured_pillars_altar, enter_ossuary_5, basic_altar,
          uniq_sigmund, uniq_eustachio
D:6:      overflow_temple_1_default, tso_metal_star
D:7:      minmay_temple_entry_glassed_door
D:8:      kennysheep_little_box
D:9:      gammafunk_temple_overflow_wave
D:10:     hangedman_ranch
D:11:     grunt_lair_entry_orc_guard_hut, lemuel_centaur_altar
D:12:     hiddenorc2_lemuel
Temple:   compressed_dpeg_triangle_lava_temple
Lair:1:   infiniplex_staircase_pool_2
Lair:3:   minmay_snake_entry_guardpost_small, minmay_lair_oklob_chamber,
          serial_bayou_shore_b, grunt_megastairs_5, uniq_gastronok, uniq_harold
Lair:4:   minmay_swamp_entry_worms, serial_bayou_shore_b,
          infiniplex_staircase_pool, uniq_sonja, uniq_urug
Lair:5:   slime_dummy, pf_torpor_hydra, grunt_megastairs_2
Lair:6:   minmay_lair_end_enchanted_forest, grunt_forest_stairs_basic,
          serial_bayou_shore_a, serial_bayou_shore_b, grunt_megastairs_3
Orc:2:    st_orc_town

Skill      XL: |  1  2  3  4  5  6  7  8  9 10 11 12 13 14 |
---------------+-------------------------------------------+-----
Fire Magic     | 4 5 6 7 8 10 12 13 14 15 | 15.4
Spellcasting   | 4 6 7 9 11 12 14 15 17 18 | 18.2
Stealth        | 3 5 6 |  6.0
Conjurations   | 2 3 4 5 6 8 9 11 12 13 14 | 14.6
Dodging        | 3 4 5 |  5.7
Fighting       | 1 |  1.7
Evocations     | 1 |  1.4
Earth Magic    | |  0.4

Action                   |  1- 3 |  4- 6 |  7- 9 | 10-12 | 13-15 || total
-------------------------+-------+-------+-------+-------+-------++-------
Melee: Unarmed           |     1 |     1 |     1 |       |       ||     3
       Dagger            |       |       |       |       |     1 ||     1
 Cast: Flame Tongue      |    75 |   106 |   205 |   168 |    54 ||   608
       Throw Flame       |       |    14 |    12 |    32 |     9 ||    67
       Sticky Flame      |       |     8 |    21 |    40 |    27 ||    96
       Conjure Flame     |       |     1 |     7 |     8 |     2 ||    18
       Fireball          |       |       |     9 |   146 |   227 ||   382
       Bolt of Cold      |       |       |       |     1 |     1 ||     2
       Bolt of Magma     |       |       |       |       |     1 ||     1
Evoke: Wand              |       |       |       |     4 |       ||     4
  Use: Scroll            |       |       |     8 |    10 |     1 ||    19
       Potion            |       |       |       |     1 |     1 ||     2
  Eat: Chunk             |     1 |    10 |    19 |    20 |    16 ||    66
       Ration            |       |       |     1 |     3 |     1 ||     5
Armor: Robe              |     2 |     8 |    13 |    29 |     3 ||    55
Dodge: Dodged            |    20 |    29 |    64 |    85 |    41 ||   239

Table legend:
 A = Spawn XP
 B = Non-spawn XP
 C = Spawn XP percentage of total XP
 D = Spawn monster count
 E = Non-spawn monster count
 F = Spawn count percentage of total count
 G = Total turns spent on level
                    A         B        C        D         E        F      G
               +---------+---------+-------+---------+---------+-------+---------
         Total |       0 |   82669 |   0.0 |       0 |     520 |   0.0 | 25429
               +---------+---------+-------+---------+---------+-------+---------
           D:1 |       0 |     103 |   0.0 |       0 |      39 |   0.0 |  1379
           D:2 |       0 |     145 |   0.0 |       0 |      27 |   0.0 |  1269
           D:3 |       0 |     324 |   0.0 |       0 |      26 |   0.0 |  1527
           D:4 |       0 |     484 |   0.0 |       0 |      30 |   0.0 |  1657
           D:5 |       0 |     839 |   0.0 |       0 |      20 |   0.0 |   965
           D:6 |       0 |     392 |   0.0 |       0 |      14 |   0.0 |  1213
           D:7 |       0 |     210 |   0.0 |       0 |       6 |   0.0 |   774
           D:8 |       0 |     635 |   0.0 |       0 |      11 |   0.0 |  1023
           D:9 |       0 |    2982 |   0.0 |       0 |      19 |   0.0 |  1134
          D:10 |       0 |    7459 |   0.0 |       0 |      37 |   0.0 |  2911
          D:11 |       0 |    8225 |   0.0 |       0 |      37 |   0.0 |  1416
          D:12 |       0 |    4522 |   0.0 |       0 |      60 |   0.0 |   902
        Lair:1 |       0 |    2638 |   0.0 |       0 |      16 |   0.0 |   794
        Lair:2 |       0 |    1366 |   0.0 |       0 |       7 |   0.0 |   898
        Lair:3 |       0 |   10578 |   0.0 |       0 |      26 |   0.0 |  2064
        Lair:4 |       0 |    6299 |   0.0 |       0 |      21 |   0.0 |  1348
        Lair:5 |       0 |   11108 |   0.0 |       0 |      28 |   0.0 |  1413
        Lair:6 |       0 |   21995 |   0.0 |       0 |      78 |   0.0 |  2206
         Orc:1 |       0 |     633 |   0.0 |       0 |      11 |   0.0 |   268
         Orc:2 |       0 |    1732 |   0.0 |       0 |       7 |   0.0 |     9
               +---------+---------+-------+---------+---------+-------+---------
